 Dungeon Crawl Stone Soup version 0.29.1-12-g30fa7ad0bf (webtiles) character file.

Game seed: 6918409919471978863

7266 Radix the Geomancer (level 11, -5/77 HPs)
             Began as a Human Earth Elementalist on Jan 1, 2023.
             Was a Priest of Vehumet.
             Slain by a tengu warrior
             ... wielding a +0 battleaxe
              (7 damage)
             ... on level 9 of the Dungeon.
             The game lasted 01:08:20 (10169 turns).

Radix the Geomancer (Human Earth Elementalist)     Turns: 10169, Time: 01:08:20

Health: -5/77      AC: 10    Str: 10    XL:     11   Next: 34%
Magic:  3/24       EV: 12    Int: 19    God:    Vehumet [***...]
Gold:   367        SH:  0    Dex: 13    Spells: 24/28 levels left

rFire   . . .      SeeInvis .   B - +1 arbalest
rCold   . . .      Faith    .   (shield currently unavailable)
rNeg    . . .      Spirit   .   a - +1 robe
rPois   .          Reflect  .   J - +0 helmet
rElec   .          Harm     .   K - +0 cloak
rCorr   .          Rampage  .   (no gloves)
Will    .....                   x - +0 pair of boots
Stlth   ++........              (no amulet)
HPRegen 0.22/turn               p - +4 ring of protection
MPRegen 0.19/turn               (no ring)

@: marked
A: no striking features
a: Renounce Religion


You were on level 9 of the Dungeon.
You worshipped Vehumet.
Vehumet was most pleased with you.
You visited 2 branches of the dungeon, and saw 11 of its levels.

You collected 367 gold pieces.

Inventory:

Hand Weapons
 d - a +0 dagger
 h - a +2 whip of venom
 w - a +5 morningstar
 z - a +2 great sword
 B - a +1 arbalest (weapon)
 H - a +3 long sword
 I - a +1 whip of flaming
Missiles
 c - 26 poisoned darts
 M - 3 throwing nets
Armour
 a - a +1 robe (worn)
 x - a +0 pair of boots (worn)
 G - a +2 robe of positive energy
 J - a +0 helmet (worn)
 K - a +0 cloak (worn)
Jewellery
 p - a +4 ring of protection (left hand)
 A - a ring of wizardry
Wands
 g - a wand of light (8)
 m - a wand of flame (23)
 o - a wand of charming (9)
 r - a wand of mindburst (20)
 s - a wand of iceblast (12)
Scrolls
 f - a scroll of enchant weapon
 k - 5 scrolls of teleportation
 l - 3 scrolls of fear
 u - 2 scrolls of silence
 v - 2 scrolls of magic mapping
 y - a scroll of poison {unknown}
 C - a scroll of enchant armour
 D - 3 scrolls of identify
 E - a scroll of amnesia {unknown}
 F - 2 scrolls of brand weapon {unknown}
 L - 2 scrolls of immolation
Potions
 b - 4 potions of flight
 e - a potion of cancellation {unknown}
 i - 2 potions of magic
 j - 3 potions of heal wounds
 n - a potion of mutation {unknown}
 q - 6 potions of curing
 t - a potion of might {unknown}


   Skills:
 + Level 4.0 Fighting
 + Level 4.0 Ranged Weapons
 - Level 2.0 Dodging
 - Level 2.0 Stealth
 + Level 9.4 Spellcasting
 + Level 6.6 Conjurations
 - Level 1.4 Transmutations
 + Level 10.5 Earth Magic


You had 24 spell levels left.
You knew the following spells:

 Your Spells              Type           Power      Damage    Failure   Level
a - Sandblast             Erth           98%        2d20      1%          1
b - Stone Arrow           Conj/Erth      82%        3d12      1%          3

Your spell library contained the following spells:

 Spells                   Type           Power      Damage    Failure   Level
 Mephitic Cloud           Conj/Pois/Air  17%        N/A       2%          3
 Passwall                 Tmut/Erth      25%        N/A       1%          2
 Petrify                  Tmut/Erth      31%        N/A       7%          4
 Slow                     Hex            36%        N/A       8%          1
 Blink                    Tloc           18%        N/A       12%         2
 Confusing Touch          Hex            9%         N/A       24%         3
 Gell's Gravitas          Tloc           9%         N/A       24%         3
 Lesser Beckoning         Tloc           9%         N/A       24%         3
 Teleport Other           Tloc           9%         N/A       24%         3
 Vampiric Draining        Necr           9%         2d6       24%         3
 Cause Fear               Hex            4%         N/A       61%         4
 Manifold Assault         Tloc           9%         N/A       91%         5
 Dragon Form              Tmut           7%         N/A       100%        7
 Dragon's Call            Summ           4%         N/A       100%        9


Dungeon Overview and Level Annotations

Branches:
Dungeon (10/15)            Temple (1/1) D:5            Lair (0/5) D:10
    Orc: D:9-12

Altars:
Ashenzari
Cheibriados
Elyvilon
Fedhas
Gozag
Hepliaklqana
Kikubaaqudgha
Nemelex Xobeh
Qazlal
Sif Muna
Trog
Vehumet
Wu Jian
Yredelemnul
Zin
The Shining One

Annotations:
D:3 3 runed translucent doors, BillyBaka's ghost, amateur MiHu
D:5 2 runed translucent doors, ctx's ghost, novice MeEE


Message History

The tengu conjurer is almost dead.
The orc wizard gestures wildly while chanting.
The orc wizard flickers and vanishes!
Deactivating autopickup; reactivate with Ctrl-A.
The tengu conjurer casts a spell.
The tengu conjurer blinks!
Unknown command.
The tengu conjurer gestures wildly while chanting.
The tengu conjurer conjures a globe of magical energy!
A battlesphere comes into view.
Casting: Stone Arrow (safe; 1% risk of failure)
Confirm with . or Enter, or press ? or * to list all spells.
You don't have enough magic to cast this spell.
Fire: B) +1 arbalest
Press: ? - help, Q - select action, (/) - cycle Shift-Dir - straight line, f/p - tengu conjurer
Aim: a tengu conjurer (almost dead, 30% to hit)
You shoot a bolt. The bolt misses the tengu conjurer.
The tengu conjurer points at you and mumbles some strange words.
The bolt of lightning hits you! The tengu warrior closely misses you.
The tengu warrior pecks you. The tengu warrior barely misses you.
There are monsters nearby!
There are monsters nearby!
There are monsters nearby!
Something hits you but does no damage.
There are monsters nearby!
The tengu warrior attacks as you move away!
The tengu warrior hits you with a +0 battleaxe!
The tengu warrior pecks you. The tengu warrior claws you.
The tengu conjurer casts a spell.
The tengu conjurer blinks!
Something hits you.
A water moccasin comes into view.
The tengu conjurer points at you and mumbles some strange words.
The bolt of lightning hits you!!
* * * LOW HITPOINT WARNING * * *
There is a stone staircase leading up here.
Something hits you.
* * * LOW HITPOINT WARNING * * *
The tengu warrior hits you with a +0 battleaxe!
You die...

#.........##
##.......).#
##[..)..#..#
...........# ≈#
##.).......## #≈#
#.#).......######≈≈##
####..........l.....#.
#..[.Q.............
#...@.....S........
#...#...)..#.........
#....#........>.......
##.........#Q*........
###.......###....###.
####.#..# #....#
###... ....##
...###..... ...##
##.....


You could see a tengu warrior, a tengu conjurer, a water moccasin, a wyvern and
a battlesphere (distracted).

Vanquished Creatures
  Harold (D:9)
  A boulder beetle (D:7)
  Pikel (D:8)
  A troll (D:10)
  A hornet (D:7)
  Sigmund (D:4)
  6 yaks
  Eustachio (D:5)
  2 steam dragons
  A water moccasin (D:5)
  2 black bears
  5 orc warriors
  2 ice beasts
  2 ogres
  A lemure (D:8)
  2 centaurs
  A phantom (D:5)
  A kobold brigand (D:10)
  2 necrophages
  A scorpion (D:6)
  4 bullfrogs
  17 wights
  7 howler monkeys
  A jelly (D:8)
  2 hounds (D:5)
  2 gnoll boudas
  7 orc priests
  Ijyb (D:5)
  3 iguanas
  4 orc wizards
  12 gnolls
  4 adders
  A shadow imp (D:7)
  2 white imps (D:6)
  An ufetubus (D:5)
  4 worms
  3 dart slugs
  25 orcs
  7 ball pythons
  7 bats
  5 endoplasms
  3 giant cockroaches
  9 goblins
  7 hobgoblins
  6 jackals
  11 kobolds
  2 quokkas
  4 frilled lizards
  7 rats
203 creatures vanquished.

Vanquished Creatures (collateral kills)
  A butterfly (D:3)
1 creature vanquished.

Vanquished Creatures (others)
  17 plants (D:3)
17 creatures vanquished.

Grand Total: 221 creatures vanquished

Notes
Turn   | Place    | Note
-------+----------+-------------------------------------------
     0 | D:1      | Radix the Human Earth Elementalist began the quest for the
                  | Orb.
     0 | D:1      | Reached XP level 1. HP: 13/13 MP: 3/3
   108 | D:1      | Reached XP level 2. HP: 3/19 MP: 3/5
   775 | D:1      | Reached XP level 3. HP: 24/24 MP: 3/6
  1557 | D:2      | Reached XP level 4. HP: 30/30 MP: 6/8
  1855 | D:2      | Reached skill level 4 in Earth Magic
  2060 | D:3      | Found a shimmering blue altar of Sif Muna.
  2178 | D:3      | Noticed a necrophage
  2194 | D:3      | Killed a necrophage
  2195 | D:3      | Reached XP level 5. HP: 11/35 MP: 0/10
  2740 | D:3      | Reached XP level 6. HP: 35/41 MP: 7/11
  2849 | D:3      | Found a runed translucent gate.
  2850 | D:3      | Found a runed translucent gate.
  2851 | D:3      | Found a runed translucent gate.
  2851 | D:3      | Found an opulent altar of Gozag.
  2855 | D:3      | Noticed BillyBaka's ghost (amateur MiHu)
  2934 | D:3      | Found a white marble altar of Elyvilon.
  3136 | D:4      | Noticed a black bear
  3141 | D:4      | Killed a black bear
  3142 | D:4      | Reached skill level 5 in Earth Magic
  3292 | D:4      | Noticed Sigmund
  3297 | D:4      | Killed Sigmund
  3298 | D:4      | Reached XP level 7. HP: 42/46 MP: 9/14
  3571 | D:4      | Reached skill level 5 in Spellcasting
  3583 | D:4      | Reached skill level 6 in Earth Magic
  4256 | D:5      | Entered Level 5 of the Dungeon
  4527 | D:5      | Found a staircase to the Ecumenical Temple.
  4562 | D:5      | Reached XP level 8. HP: 52/52 MP: 13/16
  4577 | Temple   | Entered the Ecumenical Temple
  4626 | Temple   | Became a worshipper of Vehumet
  4876 | D:5      | Reached skill level 7 in Earth Magic
  5138 | D:5      | Noticed Ijyb
  5146 | D:5      | Killed Ijyb
  5254 | D:5      | Found a runed translucent door.
  5261 | D:5      | Noticed ctx's ghost (novice MeEE)
  5289 | D:5      | Noticed Eustachio
  5294 | D:5      | Killed Eustachio
  5541 | D:5      | Found a runed translucent door.
  5936 | D:6      | Reached XP level 9. HP: 57/57 MP: 15/19
  6029 | D:6      | Reached skill level 8 in Earth Magic
  6075 | D:6      | Learned a level 3 spell: Stone Arrow
  6177 | D:6      | Reached skill level 1 in Conjurations
  6866 | D:6      | Reached * piety under Vehumet
  6866 | D:6      | Offered knowledge of Shock by Vehumet.
  7119 | D:7      | Reached skill level 9 in Earth Magic
  7373 | D:7      | Noticed a hornet
  7397 | D:7      | Paralysed by a hornet for 2 turns
  7399 | D:7      | Killed a hornet
  7400 | D:7      | Reached XP level 10. HP: 35/63 MP: 12/22
  7736 | D:7      | Noticed a boulder beetle
  7816 | D:7      | Reached skill level 5 in Conjurations
  7990 | D:7      | Reached ** piety under Vehumet
  7990 | D:7      | Offered knowledge of Freeze by Vehumet.
  7995 | D:7      | Found a large runed translucent door.
  7997 | D:7      | Found a large runed translucent door.
  8075 | D:7      | Killed a boulder beetle
  8076 | D:7      | Reached skill level 1 in Fighting
  8076 | D:7      | Reached skill level 1 in Ranged Weapons
  8466 | D:7      | Found a glowing golden altar of the Shining One.
  8474 | D:7      | Found an ornate altar of the Wu Jian Council.
  8627 | D:8      | Noticed Pikel
  8646 | D:8      | Killed Pikel
  8647 | D:8      | Reached skill level 10 in Earth Magic
  9128 | D:8      | Reached XP level 11. HP: 69/70 MP: 18/24
  9244 | D:8      | Offered knowledge of Mephitic Cloud by Vehumet.
  9659 | D:9      | Noticed a tengu warrior
  9765 | D:9      | Noticed Harold
  9787 | D:10     | Entered Level 10 of the Dungeon
  9860 | D:10     | Found a staircase to the Lair.
 10076 | D:10     | Reached *** piety under Vehumet
 10155 | D:9      | Killed Harold
 10169 | D:9      | HP: 2/77 [something (3)]
 10169 | D:9      | Slain by a tengu warrior

Illustrated notes

Levels and vault maps discovered:
D:1:      eino_arrival_cavern_a, layout_basic, serial_glass, glass_columns_c,
          glass_columns_c
D:2:      minmay_wonky_spiral, layout_rooms, dk_noncrumbling_4, st_stairs_13,
          serial_bayou_pond_e, nicolae_titane
D:3:      layout_rooms, nicolae_elyvilon_peaceful_grove,
          mainiacjoe_overflow_chevrons, ebering_ghost_gozag
D:4:      layout_loops_corners, uniq_sigmund
D:5:      layout_basic, minmay_temple_entry_junction_2, ebering_ghost_sewer_f,
          uniq_eustachio, uniq_ijyb
D:6:      layout_cave_pools
D:7:      nicolae_cairo_tiling_large_dashed, layout_rooms,
          jmf_multi_god_temple2, enter_bailey_5,
          nicolae_ossuary_entry_false_entrances, minivault_4,
          kennysheep_generic_room_12
D:8:      layout_gridville, uniq_pikel
D:9:      layout_cave_pools, lightli_temple_of_fire,
          nicolae_overflow_two_pavilions, orc_0_dummy,
          gammafunk_ghost_nasty_kobolds, fountainhead, uniq_harold
D:10:     nicolae_cairo_tiling_large, layout_irregular_city,
          nicolae_dithmenos_through_a_glass_darkly, lair_entry_dummy,
          kennysheep_generic_room_10
Temple:   eino_temple_lava

Skill      XL: |  1  2  3  4  5  6  7  8  9 10 11 |
---------------+----------------------------------+-----
Spellcasting   | 3 4 5 6 8 9 |  9.4
Earth Magic    | 4 5 6 7 9 10 | 10.5
Conjurations   | 4 5 6 |  6.6
Fighting       | 2 4 |  4.0
Ranged Weapons | 2 4 |  4.0
Dodging        | |  2.0
Stealth        | |  2.0
Transmutations | |  1.4

Action                   |  1- 3 |  4- 6 |  7- 9 | 10-12 || total
-------------------------+-------+-------+-------+-------++-------
Melee: Dagger            |    17 |       |       |       ||    17
       Whip              |       |     5 |     1 |       ||     6
 Fire: Arbalest          |       |       |       |    68 ||    68
 Cast: Sandblast         |    51 |    69 |   125 |    51 ||   296
       Stone Arrow       |       |       |    11 |    64 ||    75
  Use: Potion            |     1 |       |     4 |     2 ||     7
       Scroll            |       |     8 |     8 |     3 ||    19
Armor: Robe              |     4 |    13 |    11 |    17 ||    45
Dodge: Dodged            |    24 |    18 |    27 |    46 ||   115
